 Dungeon Crawl Stone Soup version 0.29-a0-270-g1586fc07ea (webtiles) character file.

Game seed: 3911092616139824657

18 spaghetti the Skirmisher (level 2, -2/24 HPs)
             Began as a Demonspawn Gladiator on Mar 7, 2022.
             Slain by a gnoll
             ... wielding a +0 flail
              (11 damage)
             ... on level 1 of the Dungeon.
             The game lasted 00:01:04 (1013 turns).

spaghetti the Skirmisher (Demonspawn Gladiator)     Turns: 1013, Time: 00:01:05

Health: -2/24      AC:  4    Str: 14    XL:     2   Next: 51%
Magic:  2/2        EV: 12    Int:  9    God:
Gold:   43         SH:  0    Dex: 14    Spells: 1/1 levels left

rFire   . . .      SeeInvis .     - Unarmed
rCold   . . .      Faith    .   (no shield)
rNeg    . . .      Spirit   .   a - +0 leather armour
rPois   .          Reflect  .   b - +0 helmet
rElec   .          Harm     .   (no cloak)
rCorr   .          Rampage  .   (no gloves)
Will    .....                   (no boots)
Stlth   +.........              (no amulet)
HPRegen 0.08/turn               (no ring)
MPRegen 0.16/turn               (no ring)

@: no status effects
A: magic regeneration
a: no special abilities


You were on level 1 of the Dungeon.
You visited 1 branch of the dungeon, and saw 2 of its levels.

You collected 43 gold pieces.


Innate Abilities, Weirdness & Mutations

You regenerate magic rapidly.


   Skills:
 + Level 3.2 Fighting
 - Level 1.7 Throwing
 - Level 2.6 Dodging
 - Level 2.6 Unarmed Combat


You had one spell level left.
You didn't know any spells.
Your spell library was empty.

Inventory:

Missiles
 c - 3 throwing nets (quivered) {=f!fthrowing}
 d - a javelin {throwing}
 i - 11 stones {throwing}
Armour
 a - a +0 leather armour (worn)
 b - a +0 helmet (worn)
Scrolls
 f - a scroll of blinking {!r}
 h - 2 scrolls of teleportation {@r4}
 k - a scroll of identify {@r1}
 l - a scroll of vulnerability {!r!r}
Potions
 e - 2 potions of curing {unknown}
 g - a potion of flight {unknown}
 j - a potion of mutation {unknown}

Dungeon Overview and Level Annotations

Branches:
Dungeon (2/15)

Altars:

#................#
#...........#.##.#
#...........#..#.#
#...........##.#.#
#...........##...#
#...........###..# ##
#...........###..### .>
#####.....##...g...####.#
# #.....##...g@.......#
########........##..#
#.......#.#.#.#.....#
#.............#...###
#######.......#.#.#.#.###
....................#.#
.#####........#.#.#.#.#
..##.#................####
♣.##...........##........#


You could see 2 gnolls.


Message History

You start resting. 😎 HP[+7]
Your hp is fully restored (24).
A ball python comes into view.
A ball python is nearby!
A ball python is nearby!
The ball python hisses angrily.
The ball python barely misses you. The ball python closely misses you.
You hit the ball python. The ball python misses you.
The ball python barely misses you. The ball python bites you.
The ball python grabs you.
The ball python constricts you. 😕 HP[-1]
You take 1 damage, and now have 23/24 hp.
You hit the ball python.
You kill the ball python!
No target in view!
l - a scroll labelled POUXZA YTUSCH 😎 HP[+1]
Your hp is fully restored (24).
k - 2 scrolls of identify {@r1} (gained 1)
k - 3 scrolls of identify {@r1} (gained 1) Key pressed, stopping explore.
A bat comes into view.
A bat is nearby!
As you read the scroll of identify {@r1}, it crumbles to dust.
h - 2 scrolls of teleportation
As you read the scroll of identify {@r1}, it crumbles to dust.
l - a scroll of vulnerability The bat closely misses you.
You miss the bat. You punch the bat.
You kill the bat!
No target in view!
No target in view!
No target in view!
No target in view!
No target in view!
No target in view!
No target in view!
No target in view!
No target in view!
No target in view!
No target in view!
No target in view!
No target in view!
No target in view!
No target in view!
You see here a bat corpse.
Found a stone staircase leading down.
There is a stone staircase leading down here.
Key pressed, stopping explore.
You see here a bat corpse.
Found an escape hatch in the floor.
No target in view!
(D) Dungeon
Where to? (? - help)
There is a stone staircase leading down here.
You climb downwards.
There is a stone staircase leading up here.
A gnoll is nearby!
Unknown command.
A gnoll is nearby!
A gnoll comes into view. It is wielding a +0 flail.
The gnoll shouts!
A gnoll comes into view. It is wielding a +0 whip.
The gnoll shouts!
The gnoll hits you with a +0 flail. 😕 HP[-3]
You take 3 damage, and now have 21/24 hp.
You hit the gnoll. You hit the gnoll. The gnoll hits you with a +0 flail.
A rat comes into view.
You are too injured to fight recklessly! 😮 HP[-4]
You take 4 damage, and now have 17/24 hp.
You are too injured to fight recklessly!
You are too injured to fight recklessly!
You are too injured to fight recklessly!
You are too injured to fight recklessly!
You are too injured to fight recklessly!
You are too injured to fight recklessly!
You are too injured to fight recklessly!
You are too injured to fight recklessly!
You are too injured to fight recklessly!
Unknown command.
The gnoll attacks as you move away! The gnoll hits you with a +0 flail!
* * * LOW HITPOINT WARNING * * *
😨 HP[-9]
You take 9 damage, and now have 8/24 hp.
MASSIVE DAMAGE!! (PAUSE)
The gnoll attacks as you move away! The gnoll barely misses you.
There is a stone staircase leading up here.
You can't go down here!
The gnoll closely misses you. The gnoll completely misses you.
You climb upwards.
There is a stone staircase leading down here. 😨 HP[+1]
You are too injured to fight recklessly!
You closely miss the gnoll. The gnoll hits you with a +0 flail!
You die...

Skill      XL: |  1  2 |
---------------+-------+-----
Fighting       | 3 |  3.2
Throwing       | |  1.7
Dodging        | |  2.6
Unarmed Combat | |  2.6

Action                   || total
-------------------------++-------
Melee: Unarmed           ||    57
       Punch             ||     3
  Use: Scroll            ||     4
Armor: Leather armour    ||    14
Dodge: Dodged            ||    38

Levels and vault maps discovered:
D:1:      eino_arrival_cavern_d, layout_basic, serial_glass, glass_columns_b,
          glass_columns_c, dilly_ecumenical_altar_fadedgnrine,
          wander_ebering_terrifying_dragon_lair
D:2:      layout_rooms, basic_altar

Notes
Turn   | Place    | Note
-------+----------+-------------------------------------------
     0 | D:1      | spaghetti the Demonspawn Gladiator began the quest for the
                  | Orb.
     0 | D:1      | Reached XP level 1. HP: 16/16 MP: 1/1
     0 | D:1      | magus.rc [v1.9.6]
   356 | D:1      | Gained mutation: You regenerate magic rapidly. [demonic
                  | ancestry]
   356 | D:1      | Reached XP level 2. HP: 16/23 MP: 2/2
   571 | D:1      | Reached skill level 3 in Fighting
   737 | D:1      | magus.rc [v1.9.6]
  1013 | D:1      | Slain by a gnoll

Vanquished Creatures
  A dart slug (D:1)
  2 ball pythons (D:1)
  2 endoplasms (D:1)
  4 hobgoblins (D:1)
  A quokka (D:1)
  2 bats (D:1)
  A frilled lizard (D:1)
  2 rats (D:1)
15 creatures vanquished.

Table legend:
 A = Non-vault XP
 B = Vault XP
 C = Vault XP percentage of total XP
 D = Non-vault monster count
 E = Vault monster count
 F = Vault count percentage of total count
                 A         B        C        D         E       F
            +---------+---------+-------+---------+---------+-------
      Total |      26 |       1 |   3.7 |      14 |       1 |   6.7
            +---------+---------+-------+---------+---------+-------
        D:1 |      26 |       1 |   3.7 |      14 |       1 |   6.7
            +---------+---------+-------+---------+---------+-------

Illustrated notes

Table legend:
 A = Kills in this place as a percentage of kills in entire the game.
 B = Kills by you in this place as a percentage of kills by you in the entire game.
 C = Kills by friends in this place as a percentage of kills by friends in the entire game.
 D = Other kills in this place as a percentage of other kills in the entire game.
 E = Experience gained in this place as a percentage of experience gained in the entire game.
 F = Experience gained in this place divided by the number of levels of this place that you have seen.
                   A       B       C       D       E      F
               +-------+-------+-------+-------+-------+----------------------
         Total | 100.0 | 100.0 |   N/A |   N/A | 100.0 |  13.5
       Dungeon | 100.0 | 100.0 |   N/A |   N/A | 100.0 |  13.5
               +-------+-------+-------+-------+-------+----------------------

Table legend: (Time is in decaauts)
 A = Elapsed time spent in this place.
 B = Non-inter-level travel time spent in this place.
 C = Inter-level travel time spent in this place.
 D = Time resting spent in this place.
 E = Time spent auto-exploring this place.
 F = Levels seen in this place.
 G = Mean time per level.
                   A        B        C        D        E       F      G
               +--------+--------+--------+--------+--------+-----+--------+
         Total |   1011 |   1005 |      6 |    381 |    500 |   2 |  505.5 |
       Dungeon |   1011 |   1005 |      6 |    381 |    500 |   2 |  505.5 |
               +--------+--------+--------+--------+--------+-----+--------+

Top non-repeatable levels by time:
     D:1: 999 daAuts
     D:2: 11 daAuts
